 Dungeon Crawl Stone Soup version 0.31-a0-795-g5eb97db20b (webtiles) character file.

Game seed: 7654308115206448425

354 demibob the Spear-Bearer (level 6, -2/47 HPs)
             Began as a Merfolk Chaos Knight on Sept 18, 2023.
             Was a Plaything of Xom.
             Succumbed to a water moccasin's poison
             ... on level 5 of the Dungeon.
             The game lasted 00:04:05 (1965 turns).

demibob the Spear-Bearer (Merfolk Chaos Knight)     Turns: 1965, Time: 00:04:06

Health: -2/47      AC:  7    Str: 12    XL:     6   Next: 63%
Magic:  6/6        EV: 12    Int: 12    God:    Xom [*.....]
Gold:   196        SH:  0    Dex: 15    Spells: 5/5 levels left

rFire   . . .        e - +3 spear
rCold   . . .        (no shield)
rNeg    . . .        b - +2 leather armour
rPois   .            g - +2 hat
rElec   .            (no cloak)
rCorr   .            (no gloves)
SInv    .            (no boots)
Will    +....        d - amulet of the acrobat
Stlth   +            (no ring)
HPRegen 0.27/turn    (no ring)
MPRegen 0.10/turn

%: acrobat
@: lethally poisoned (-2 -> -18), enlightened, flying
A: (nimble swimmer 2), mertail
a: Renounce Religion


You were on level 5 of the Dungeon.
You worshipped Xom.
You were a special plaything of Xom.
You visited 1 branch of the dungeon, and saw 5 of its levels.

You collected 196 gold pieces.


Innate Abilities, Weirdness & Mutations

((You are very nimble when in or above water. (Stealth+, EV+, Speed+++)))
Your lower body shifts to a powerful aquatic tail in water.


   Skills:
 - Level 3.2 Fighting
 + Level 9.5 Polearms
 - Level 0.6 Armour
 - Level 2.6 Dodging


You had 5 spell levels left.
You didn't know any spells.
Your spell library contained the following spells:

 Spells                   Type           Power      Damage    Failure   Level
 Magic Dart               Conj           0%         1d3       38%         1
 Necrotise                Necr           0%         1d4       38%         1
 Call Imp                 Summ           0%         N/A       54%         2
 Mephitic Cloud           Conj/Pois/Air  0%         N/A       77%         3
 Vampiric Draining        Necr           0%         2d6       77%         3
 Agony                    Necr           0%         N/A       100%        5

Inventory:

Hand Weapons
 a - a +0 spear of chaos
 e - a +3 spear (weapon)
Armour
 b - a +2 leather armour (worn)
 g - a +2 hat (worn)
Jewellery
 d - an amulet of the acrobat (around neck)
 L - a ring of flight
Scrolls
 l - a scroll of identify {@r1}
Potions
 i - 2 potions of attraction

Dungeon Overview and Level Annotations

Branches:
Dungeon (6/15)
 Temple: D:4-7

Altars:
bbbb.bb.#P

#.#.# Jb.b....▒ #
#####.#.# b..b....#
###.###.....#.#
.§l§....#
........###.#.#
##S###..#
#.........#.#
#b#######
#####.......#
#b§§§§..# #.#######
#######.##########.#
.........J...lS@...#
######....########.#
#.##.# #.# #....#
#.# ###### ###


You could see a water moccasin, a wyvern and a jelly.


Message History

You miss the water moccasin. The water moccasin bites you!
* * * LOW HITPOINT WARNING * * *
You are poisoned.
The water moccasin poisons you!
You barely miss the water moccasin.
You feel sick. The water moccasin bites you.
* * * LOW HITPOINT WARNING * * *
The jelly misses your butterfly.
Unknown command.
You barely miss the water moccasin.
You feel sick. The water moccasin bites you.
* * * LOW HITPOINT WARNING * * *
You are more poisoned.
The water moccasin poisons you!
You completely miss the water moccasin.
* * * LOW HITPOINT WARNING * * *
You feel very sick.
The jelly completely misses your butterfly.
The water moccasin closely misses you.
You barely miss the water moccasin.
* * * LOW HITPOINT WARNING * * *
You feel sick.
The water moccasin bites you but does no damage.
The jelly hits your butterfly.
Your butterfly dies!
Your butterfly disappears in a burst of colours!
Unknown command.
You miss the water moccasin.
You die...
Xom snickers!

Skill      XL: |  1  2  3  4  5  6 |
---------------+-------------------+-----
Polearms       | 5 6 7 8 9 |  9.5
Fighting       | |  3.2
Armour         | |  0.6
Dodging        | |  2.6

Action                     |  1- 3 |  4- 6 || total
---------------------------+-------+-------++-------
  Melee: Spear             |   118 |   205 ||   323
         Punch             |       |     3 ||     3
    Use: Scroll            |     1 |     5 ||     6
         Potion            |       |     7 ||     7
   Stab: Distracted        |     1 |       ||     1
         Sleeping          |     2 |       ||     2
         Petrifying        |     1 |       ||     1
         Paralysed         |       |     4 ||     4
 Armour: Leather armour    |    30 |    74 ||   104
  Dodge: Dodged            |    48 |    69 ||   117

Levels and vault maps discovered:
D:1:      nicolae_arrival_washed_ashore, layout_loops_ring
D:2:      layout_rooms, grunt_decor_one_mirror, cheibrodos_gnoll_hut
D:3:      layout_rooms, lemuel_round_altar, uniq_robin
D:5:      layout_basic, nicolae_yredelemnul_corpse_copse, serial_aquarium,
          aquarium_bridge_square [aquarium_subvault_window,
          aquarium_subvault_bridge, aquarium_subvault_bridge,
          aquarium_subvault_bridge], aquarium_bridge_square
          [aquarium_subvault_bridge, aquarium_subvault_window,
          aquarium_subvault_bridge, aquarium_subvault_window],
          aquarium_window_1, aquarium_window_1, aquarium_window_corridor_2,
          aquarium_window_2, aquarium_view_2f
D:6:      layout_cave_pools, minmay_temple_entry_offerings, serial_glass,
          glass_columns_a, glass_columns_a, chequers_jeans, kennysheep_path_1,
          serial_bayou_lake_a

Notes
Turn   | Place    | Note
-------+----------+-------------------------------------------
     0 | D:1      | demibob the Merfolk Chaos Knight began the quest for the
                  | Orb.
     0 | D:1      | Reached XP level 1. HP: 18/18 MP: 1/1
    95 | D:1      | Reached XP level 2. HP: 24/24 MP: 2/2
   150 | D:1      | Reached skill level 5 in Polearms
   353 | D:1      | Reached XP level 3. HP: 29/29 MP: 3/3
   534 | D:1      | XOM: noise
   796 | D:2      | Reached skill level 6 in Polearms
   848 | D:2      | Reached XP level 4. HP: 28/35 MP: 4/4
  1356 | D:3      | Reached skill level 7 in Polearms
  1398 | D:3      | Noticed Robin
  1434 | D:3      | Reached XP level 5. HP: 37/41 MP: 5/5
  1471 | D:3      | Identified the +1 robe of Gitaem {-Tele Rampage +Inv Dex-4}
  1496 | D:3      | Killed Robin
  1572 | D:3      | HP: 4/41 [orc priest/divine providence (16)]
  1572 | D:3      | XOM: butterfly on damage
  1574 | D:3      | XOM: blink monster(s)
  1577 | D:3      | an orc priest changed into an ice beast
  1577 | D:3      | Noticed an ice beast
  1579 | D:3      | Killed an ice beast
  1580 | D:3      | Reached skill level 8 in Polearms
  1580 | D:3      | Reached XP level 6. HP: 12/47 MP: 6/6
  1731 | D:3      | You fall into a shaft and drop 3 floors!
  1746 | D:6      | XOM: polymorph gnoll -> frilled lizard
  1828 | D:5      | Entered Level 5 of the Dungeon
  1843 | D:5      | Reached skill level 9 in Polearms
  1893 | D:5      | XOM: 1-stop teleportation journey
  1930 | D:5      | Noticed a wyvern
  1931 | D:5      | Noticed a water moccasin
  1963 | D:5      | HP: 3/47 [poisoned by a water moccasin]
  1964 | D:5      | HP: 1/47 [poisoned by a water moccasin]
  1965 | D:5      | Succumbed to a water moccasin's poison

Vanquished Creatures
  An ice beast (D:3)
  A scorpion (D:5)
  A hound (D:5)
  Robin (D:3)
  3 gnolls
  4 adders
  3 worms
  A dart slug (D:3)
  8 orcs
  3 ball pythons
  5 bats
  6 endoplasms
  2 giant cockroaches
  13 goblins
  9 hobgoblins
  2 jackals (D:2)
  9 kobolds
  4 quokkas (D:1)
  4 frilled lizards
  4 rats
84 creatures vanquished.

Vanquished Creatures (others)
  A quokka zombie (D:1)
1 creature vanquished.

Grand Total: 85 creatures vanquished

Table legend: (Time is in decaauts)
 A = Elapsed time spent in this place.
 B = Non-inter-level travel time spent in this place.
 C = Inter-level travel time spent in this place.
 D = Time resting spent in this place.
 E = Time spent auto-exploring this place.
 F = Levels seen in this place.
 G = Mean time per level.
                   A        B        C        D        E       F      G
               +--------+--------+--------+--------+--------+-----+--------+
         Total |   1896 |   1853 |     43 |    176 |   1163 |   5 |  379.2 |
       Dungeon |   1896 |   1853 |     43 |    176 |   1163 |   5 |  379.2 |
               +--------+--------+--------+--------+--------+-----+--------+

Top non-repeatable levels by time:
     D:1: 761 daAuts
     D:2: 483 daAuts
     D:3: 439 daAuts
     D:5: 123 daAuts
     D:6: 89 daAuts

Table legend:
 A = Non-vault XP
 B = Vault XP
 C = Vault XP percentage of total XP
 D = Non-vault monster count
 E = Vault monster count
 F = Vault count percentage of total count
                 A         B        C        D         E       F
            +---------+---------+-------+---------+---------+-------
      Total |     452 |      55 |  10.8 |      69 |      15 |  17.9
            +---------+---------+-------+---------+---------+-------
        D:1 |      51 |       0 |   0.0 |      31 |       0 |   0.0
        D:2 |      52 |      19 |  26.8 |      13 |       3 |  18.8
        D:3 |     182 |      36 |  16.5 |      15 |      12 |  44.4
        D:5 |     123 |       0 |   0.0 |       2 |       0 |   0.0
        D:6 |      44 |       0 |   0.0 |       8 |       0 |   0.0
            +---------+---------+-------+---------+---------+-------
